 Dungeon Sprint DCSS version 0.21.2 (webtiles) character file.

15585 Fang the Severer (level 12, -3/135 HPs)
             Began as a Gargoyle Berserker on Sept 25, 2018.
             Was the Champion of Trog.
             Slain by Meleub the pandemonium lord (7 damage)
             ... in the Dungeon (Sprint VII: "The Pits").
             The game lasted 00:07:08 (3009 turns).

Fang the Severer (Gargoyle Berserker)               Turns: 3009, Time: 00:07:08

Health: -3/135     AC: 31    Str: 34    XL:     12   Next: 28%
Magic:  4/4        EV: 12    Int:  8    God:    Trog [******]
Gold:   8          SH:  0    Dex:  9    Spells: 11/11 levels left

rFire    . . .     SeeInvis .   m - +8 battleaxe (antimagic)
rCold    . . .     Gourm    .   (shield currently unavailable)
rNeg     + . .     Faith    .   r - +3 plate armour
rPois    ∞         Spirit   .   (no helmet)
rElec    +         Reflect  .   (no cloak)
rCorr    .         Harm     .   (no gloves)
MR       .....     NoTele   +   (no boots)
Stlth    ..........             (no amulet)
HPRegen  0.32/turn              b - +3 ring of strength
MPRegen  0.09/turn              o - +3 ring of protection

@: berserking, very quick
A: negative energy resistance 1, electricity resistance, unbreathing,
petrification resistance, rot immunity, AC +8
a: Berserk, Trog's Hand, Brothers in Arms, Burn Spellbooks, Renounce Religion


You were in the Dungeon.
You worshipped Trog.
Trog was exalted by your worship.
You were near starving.

You visited 1 branch You collected 8 gold pieces.

Inventory:

Hand Weapons
 j - a +2 hand axe
 m - a +8 antimagic battleaxe (weapon)
 t - a +3 war axe of freezing
 C - a +2 battleaxe of chopping
Armour
 r - a +3 plate armour (worn)
Jewellery
 b - a +3 ring of strength (left hand)
 o - a +3 ring of protection (right hand)
 w - an uncursed ring of fire
 y - a +2 amulet of reflection
 A - an uncursed ring of protection from cold
Scrolls
 i - 3 scrolls of blinking
 k - 4 scrolls of remove curse
 l - a scroll of summoning
 n - 2 scrolls of fear
 u - 3 scrolls of identify
 v - a scroll of holy word
Potions
 a - 2 potions of invisibility
 d - 10 potions of curing
 e - 17 potions of heal wounds
 f - 3 potions of haste
 g - 4 potions of magic
 h - 4 potions of berserk rage
 p - a potion of might
 q - 2 potions of brilliance
 x - 2 potions of agility
 z - 2 potions of resistance
Comestibles
 c - 10 rations


   Skills:
 + Level 16.4 Fighting
 + Level 17.8 Axes
 + Level 14.9 Armour
 + Level 7.7 Dodging
 + Level 7.2 Stealth


You had 11 spell levels left.
You didn't know any spells.

Dungeon Overview and Level Annotations

Branches:
Dungeon (1/1)

Altars:
Ashenzari
Cheibriados
Dithmenos
Elyvilon
Fedhas
Gozag
Hepliaklqana
Kikubaaqudgha
Makhleb
Nemelex Xobeh
Okawaru
Qazlal
Ru
Sif Muna
Trog
Uskayaw
Vehumet
Wu Jian
Xom
Yredelemnul
Zin
The Shining One
Beogh
Jiyva
Lugonu


Innate Abilities, Weirdness & Mutations

You are resistant to torment.
Your stone body is resilient. (AC +8)
You are immune to poison.
You resist negative energy. (rN+)
You are resistant to electric shocks. (rElec)
You can survive without breathing.
You are immune to petrification.
You are immune to rotting.


Message History

* * * LOW HITPOINT WARNING * * *
Space bends around you.
* * * LOW HITPOINT WARNING * * *
You miss Meleub.
Meleub is moderately wounded.
Your stone giant closely misses Meleub.
You completely miss Meleub.
Meleub is moderately wounded.
Meleub hits you.
* * * LOW HITPOINT WARNING * * *
You feel a strange sense of stasis.
Your stone giant completely misses Meleub.
You completely miss Meleub.
Meleub is moderately wounded.
Meleub hits you but does no damage.
You feel a strange sense of stasis.
Your stone giant completely misses Meleub.
You completely miss Meleub.
Meleub is moderately wounded.
Meleub hits you!
You die...

#+# #.# #'#
################'#
.............(.C.#
.....)..........&#
+##############(@#
#†)# #..# #..#
#..# #..# #..#
#..# #..#


You could see Meleub and a friendly stone giant (berserk).

Vanquished Creatures
  A deep elf master archer (D)
  Josephine (D)
  A death yak (D)
  Sonja (D)
  A sixfirhy (D)
  An orc knight (D)
  A manticore (D)
  An ugly thing (D)
  2 molten gargoyles (D)
  An elephant (D)
  An eye of devastation (D)
  A spiny frog (D)
  2 hellwings (D)
  2 guardian mummies (D)
  An ice devil (D)
  A polar bear (D)
  Grinder (D)
  6 blink frogs (D)
  A merfolk (D)
  A snapping turtle (D)
  A flying skull (D)
  A redback (D)
  A ynoxinul (D)
  A fire bat (D)
  4 wraiths (D)
  A wyvern (D)
  A basilisk (D)
  Edmund (D)
  An orc warrior (D)
  An ice beast (D)
  A sky beast (D)
  A phantom (D)
  A necrophage (D)
  5 wolves (D)
  A gnoll sergeant (D)
  A killer bee (D)
  A crimson imp (D)
  A quasit (D)
  A jelly (D)
  3 orc priests (D)
  2 orc wizards (D)
  Terence (D)
  A hell rat (D)
  A mummy (D)
  6 gnolls (D)
  An adder (D)
  An ufetubus (D)
  An ooze (D)
  An adder zombie (D)
  2 worms (D)
  A leopard gecko (D)
  4 orcs (D)
  A giant cockroach (D)
  A goblin (D)
  A bat (D)
  A kobold (D)
  A rat (D)
84 creatures vanquished.

Vanquished Creatures (collateral kills)
  A merfolk javelineer (D)
  An eidolon (D)
  A deep troll (D)
  A flayed ghost (D)
  A lindwurm (D)
  3 merfolk (D)
  A wyvern (D)
  A swamp drake (D)
  A black bear (D)
  A phantom (D)
  A centaur (D)
  A bullfrog (D)
  2 killer bees (D)
  A bat (D)
  A hobgoblin (D)
18 creatures vanquished.

Vanquished Creatures (others)
  A shadow wraith (D)
1 creature vanquished.

Grand Total: 103 creatures vanquished

Notes
Turn   | Place    | Note
-------+----------+-------------------------------------------
     0 | D        | Fang the Gargoyle Berserker began the quest for the Orb.
     0 | D        | Reached XP level 1. HP: 14/14 MP: 1/1
    17 | D        | Reached skill level 3 in Axes
    22 | D        | Found a bloodstained altar of Trog.
    22 | D        | Found a deep blue altar of Sif Muna.
    22 | D        | Found a viscous altar of Jiyva.
    22 | D        | Found a hazy altar of Hepliaklqana.
    22 | D        | Found an opulent altar of Gozag.
    23 | D        | Found a glowing golden altar of the Shining One.
    23 | D        | Found a glowing silver altar of Zin.
    23 | D        | Found a basalt altar of Yredelemnul.
    23 | D        | Found a shimmering altar of Xom.
    23 | D        | Found an ornate altar of the Wu Jian Council.
    23 | D        | Found a sacrificial altar of Ru.
    23 | D        | Found a stormy altar of Qazlal.
    23 | D        | Found an iron altar of Okawaru.
    23 | D        | Found a sparkling altar of Nemelex Xobeh.
    23 | D        | Found a burning altar of Makhleb.
    23 | D        | Found a blossoming altar of Fedhas.
    23 | D        | Found a white marble altar of Elyvilon.
    23 | D        | Found a shadowy altar of Dithmenos.
    23 | D        | Found a snail-covered altar of Cheibriados.
    25 | D        | Found a radiant altar of Vehumet.
    25 | D        | Found a corrupted altar of Lugonu.
    25 | D        | Found a roughly hewn altar of Beogh.
    67 | D        | Reached ** piety under Trog
   105 | D        | Reached XP level 2. HP: 6/20 MP: 2/2
   393 | D        | Noticed a crimson imp
   395 | D        | Reached skill level 4 in Axes
   395 | D        | Reached *** piety under Trog
   397 | D        | Killed a crimson imp
   397 | D        | Reached skill level 5 in Fighting
   397 | D        | Reached skill level 5 in Axes
   397 | D        | Reached XP level 3. HP: 26/26 MP: 3/3
   398 | D        | Reached skill level 1 in Stealth
   398 | D        | Reached XP level 4. HP: 31/31 MP: 4/4
   603 | D        | Noticed Edmund
   604 | D        | Noticed an ice beast
   605 | D        | Noticed a phantom
   612 | D        | Killed an ice beast
   612 | D        | Reached skill level 6 in Axes
   612 | D        | Reached XP level 5. HP: 38/38 MP: 5/5
   615 | D        | Reached **** piety under Trog
   616 | D        | Killed Edmund
   616 | D        | Reached skill level 7 in Axes
   616 | D        | Reached XP level 6. HP: 44/44 MP: 3/6
   629 | D        | Killed a phantom
   629 | D        | Reached skill level 8 in Axes
   629 | D        | Reached skill level 5 in Armour
   686 | D        | Reached ***** piety under Trog
   689 | D        | Noticed a molten gargoyle
   699 | D        | Killed a molten gargoyle
   699 | D        | Received a gift from Trog
   699 | D        | Reached skill level 10 in Fighting
   699 | D        | Reached skill level 10 in Axes
   699 | D        | Reached skill level 5 in Dodging
   699 | D        | Reached XP level 7. HP: 29/52 MP: 7/7
   878 | D        | Noticed Grinder
   878 | D        | Noticed Terence
   885 | D        | Killed Terence
   902 | D        | Killed Grinder
   902 | D        | Reached XP level 8. HP: 51/58 MP: 8/8
   942 | D        | Noticed a ynoxinul
   942 | D        | Noticed a manticore
   948 | D        | Killed a manticore
   948 | D        | Reached skill level 11 in Axes
   948 | D        | Reached skill level 5 in Stealth
   951 | D        | Killed a ynoxinul
  1078 | D        | Found a hide-covered altar of Uskayaw.
  1078 | D        | Found an ancient bone altar of Kikubaaqudgha.
  1078 | D        | Found a shattered altar of Ashenzari.
  1101 | D        | Noticed an elephant
  1102 | D        | Noticed a guardian mummy
  1113 | D        | Killed a guardian mummy
  1113 | D        | Reached XP level 9. HP: 64/64 MP: 9/9
  1116 | D        | Received a gift from Trog
  1123 | D        | Killed an elephant
  1123 | D        | Reached skill level 12 in Axes
  1220 | D        | Noticed a hellwing
  1231 | D        | Killed a hellwing
  1235 | D        | Reached skill level 13 in Axes
  1238 | D        | Received a gift from Trog
  1240 | D        | Reached ****** piety under Trog
  1247 | D        | Reached XP level 10. HP: 71/71 MP: 10/10
  1298 | D        | Noticed a lindwurm
  1298 | D        | Noticed a death yak
  1304 | D        | Reached skill level 10 in Armour
  1309 | D        | Noticed a merfolk javelineer
  1311 | D        | Reached skill level 14 in Axes
  1314 | D        | Killed a death yak
  1314 | D        | Received a gift from Trog
  1330 | D        | Killed a merfolk javelineer
  1332 | D        | Killed a lindwurm
  1337 | D        | Reached skill level 15 in Axes
  1339 | D        | Received a gift from Trog
  1496 | D        | Noticed a spiny frog
  1506 | D        | Killed a spiny frog
  1511 | D        | Received a gift from Trog
  1758 | D        | Reached XP level 11. HP: 60/79 MP: 3/11
  1857 | D        | Noticed a cyan ugly thing
  1865 | D        | Killed a shadow wraith
  1866 | D        | Killed a cyan ugly thing
  1943 | D        | Reached skill level 16 in Axes
  1944 | D        | Received a gift from Trog
  2008 | D        | Noticed an eidolon
  2008 | D        | Noticed a flayed ghost
  2011 | D        | Received a gift from Trog
  2021 | D        | Noticed a deep troll
  2021 | D        | Killed a flayed ghost
  2024 | D        | Killed an eidolon
  2029 | D        | Killed a deep troll
  2399 | D        | Noticed an orc knight
  2401 | D        | Received a gift from Trog
  2418 | D        | Killed an orc knight
  2489 | D        | Noticed Sonja
  2499 | D        | Reached skill level 15 in Fighting
  2502 | D        | Killed Sonja
  2502 | D        | Received a gift from Trog
  2502 | D        | Reached skill level 17 in Axes
  2513 | D        | Noticed Josephine
  2539 | D        | Killed Josephine
  2672 | D        | Noticed a sixfirhy
  2682 | D        | Killed a sixfirhy
  2682 | D        | Reached XP level 12. HP: 77/88 MP: 12/12
  2732 | D        | Received a gift from Trog
  2813 | D        | Noticed a deep elf master archer
  2820 | D        | Killed a deep elf master archer
  2994 | D        | Noticed Meleub the pandemonium lord
  3005 | D        | HP: 5/135 [Meleub the pandemonium lord (4)]
  3009 | D        | Slain by Meleub the pandemonium lord

Skill      XL: |  1  2  3  4  5  6  7  8  9 10 11 12 |
---------------+-------------------------------------+-----
Axes           | 3 5 6 7 10 11 13 15 17 | 17.8
Fighting       | 4 5 7 8 10 11 12 13 15 16 | 16.4
Dodging        | 2 3 4 5 6 7 |  7.7
Armour         | 3 4 6 8 9 12 14 | 14.9
Stealth        | 1 2 4 5 6 7 |  7.2

Action                   |  1- 3 |  4- 6 |  7- 9 | 10-12 || total
-------------------------+-------+-------+-------+-------++-------
Melee: Hand axe          |    20 |    33 |    73 |       ||   126
       War axe           |       |       |       |   137 ||   137
       Battleaxe         |       |       |       |    36 ||    36
Invok: Berserk           |     2 |     2 |     3 |     6 ||    13
       Brothers in Arms  |       |       |       |     3 ||     3
  Use: Potion            |       |       |       |     1 ||     1
 Stab: Distracted        |       |       |       |     1 ||     1
  Eat: Chunk             |       |     2 |     5 |     8 ||    15
       Ration            |       |       |       |     1 ||     1
Armor: Animal skin       |    10 |       |       |       ||    10
       Chain mail        |       |    12 |    22 |       ||    34
       Plate armour      |       |       |    27 |   160 ||   187
Dodge: Dodged            |    32 |    10 |    55 |    81 ||   178
